Construct Section Command Post
Construct Platoon Command Post
Selects Australian Defense Battlegroup
Selects Australian Light Infantry Section
Selects Defensive Tactics
Australian Light Infantry Section
Australian Light Infantry Section
Construct Field Infirmary
Australian Light Infantry Section
Construct Company Command Post
Unlock M3 Grant Medium Tanks
Selects Vehicle Over Repair
Selects CMP 15cwt Supply Run
Selects Reinforced Resource Caches
Selects Archer Tank Destroyer